 Dungeon Crawl Stone Soup version 0.28-a0-1087-gf3fc490d9d (webtiles) character file.

Game seed: 18086847298316618510

3 ducksouse the Skirmisher (level 1, -2/20 HPs)
             Began as a Minotaur Abyssal Knight on Dec 10, 2021.
             Was an Initiate of Lugonu.
             Frozen to death by an endoplasm (5 damage)
             ... on level 1 of the Dungeon.
             The game lasted 00:01:36 (185 turns).

ducksouse the Skirmisher (Minotaur Abyssal Knight)   Turns: 185, Time: 00:01:36

Health: -2/20      AC:  3    Str: 17    XL:     1   Next: 41%
Magic:  1/1        EV: 11    Int:  7    God:    Lugonu [......]
Gold:   22         SH:  0    Dex: 10    Spells: 0/0 levels left

rFire   . . .      SeeInvis .   a - +1 falchion
rCold   . . .      Faith    .   (no shield)
rNeg    . . .      Spirit   .   b - +0 leather armour
rPois   .          Reflect  .   (helmet restricted)
rElec   .          Harm     .   (no cloak)
rCorr   .          Rampage  .   (no gloves)
Will    .....                   (no boots)
Stlth   +.........              (no amulet)
HPRegen 0.06/turn               (no ring)
MPRegen 0.07/turn               (no ring)

@: no status effects
A: horns 2, retaliatory headbutt
a: Renounce Religion


You were on level 1 of the Dungeon.
You worshipped Lugonu.
Lugonu was noncommittal.
You visited 1 branch of the dungeon, and saw 1 of its levels.
You visited the Abyss 1 time.

You collected 22 gold pieces.

Inventory:

Hand Weapons
 a - a +1 falchion (weapon)
Armour
 b - a +0 leather armour (worn)


   Skills:
 + Level 3.8 Fighting
 + Level 2.4 Long Blades
 + Level 2.5 Armour
 + Level 1.1 Dodging
 + Level 1.8 Invocations


You couldn't memorise any spells.
You didn't know any spells.
Your spell library was empty.

Dungeon Overview and Level Annotations

Branches:
Dungeon (1/15)

Altars:


Innate Abilities, Weirdness & Mutations

You have a pair of horns on your head.
You reflexively headbutt those who attack you in melee.


Message History

A rat comes into view.
An endoplasm comes into view.
The endoplasm quivers.
A bat comes into view.
Found a hunting sling.
You hit the rat but do no damage. Your headbutt misses the rat.
The rat closely misses you. The endoplasm freezes you.
You are frozen.
You barely miss the rat. The rat bites you. The endoplasm freezes you.
You are frozen.
The rat barely misses you.
You slash the rat!
You kill the rat!
Lugonu accepts your kill. The bat hits you. The endoplasm barely misses you.
You hit the bat.
The bat is moderately wounded.
The bat hits you but does no damage. The endoplasm freezes you.
You are frozen.
The endoplasm freezes you.
You are frozen.
You hit the bat.
The bat is severely wounded.
The bat hits you but does no damage. The endoplasm barely misses you.
You barely miss the bat. Your headbutt misses the bat.
The bat is moderately wounded.
The bat hits you but does no damage. The endoplasm hits you.
* * * LOW HITPOINT WARNING * * *
The bat closely misses you.
You closely miss the bat. You headbutt the bat.
You kill the bat!
Lugonu accepts your kill. The endoplasm freezes you.
You are frozen.
* * * LOW HITPOINT WARNING * * *
The endoplasm freezes you.
You are frozen.
You die...

...............
...............
..............#
)...........#.# #####
#..........#.####...
#.............##..###
#.......##..........#
#.....†J.#..........####.
#....##.@...........#....
..... ##...†..........###
.... ###..(.......### .##
#..........#
#..........###
#............###
#######.........
######.... ##....


You could see an endoplasm.

Vanquished Creatures
  3 ball pythons (D:1)
  A bat (D:1)
  A rat (D:1)
5 creatures vanquished.

Notes
Turn   | Place    | Note
-------+----------+-------------------------------------------
     0 | Abyss:1  | ducksouse the Minotaur Abyssal Knight began the quest for
                  | the Orb.
     0 | Abyss:1  | Reached XP level 1. HP: 19/19 MP: 1/1
    31 | D:1      | Escaped the Abyss
   185 | D:1      | Frozen to death by an endoplasm

Illustrated notes

Levels and vault maps discovered:
D:1:      kilobyte_arrival_exit_the_forest, layout_rooms,
          hellmonk_ecumenical_altar_lost_god

Action                   || total
-------------------------++-------
Melee: Falchion          ||    10
       Headbutt          ||     1
Invok: Depart the Abyss  ||     1
Armor: Leather armour    ||     3
Dodge: Dodged            ||    13

Table legend: (Time is in decaauts)
 A = Elapsed time spent in this place.
 B = Non-inter-level travel time spent in this place.
 C = Inter-level travel time spent in this place.
 D = Time resting spent in this place.
 E = Time spent auto-exploring this place.
 F = Levels seen in this place.
 G = Mean time per level.
                   A        B        C        D        E       F      G
               +--------+--------+--------+--------+--------+-----+--------+
         Total |    187 |    187 |      0 |      0 |     73 |   2 |   93.5 |
       Dungeon |    156 |    156 |      0 |      0 |     73 |   1 |  156.0 |
         Abyss |     31 |     31 |      0 |      0 |      0 |   1 |   31.0 |
               +--------+--------+--------+--------+--------+-----+--------+

Top non-repeatable levels by time:
     D:1: 156 daAuts
 Abyss:1: 31 daAuts
